 Dungeon Crawl Stone Soup version 0.29.1-2-gbd0b4ee654 (webtiles) character file.

Game seed: 5257871890963255418

812 Ladykiller66 the Shield-Bearer (level 8, 0/57 (62) HPs)
             Began as a Formicid Fighter on Nov 2, 2022.
             Was an Initiate of Cheibriados.
             Succumbed to a scorpion's poison
             ... on level 5 of the Dungeon.
             The game lasted 00:15:58 (5678 turns).

Ladykiller66 the Shield-Bearer (Formicid Fighter)   Turns: 5678, Time: 00:15:59

HP:   0/57 (62)     AC:  4    Str: 21    XL:     8   Next: 15%
MP:   8/8           EV: 10    Int: 12    God:    Cheibriados [......]
Gold: 219           SH:  5    Dex: 14    Spells: 5/7 levels left

rFire   . . .      SeeInvis +   a - +0 war axe
rCold   . . .      Faith    .   c - +0 buckler
rNeg    . . .      Spirit   .   A - +0 leather armour
rPois   .          Reflect  .   (helmet unavailable)
rElec   .          Harm     .   (no cloak)
rCorr   .          Rampage  .   (no gloves)
Will    .....                   m - +0 pair of boots
Stlth   +.........              (no amulet)
HPRegen 0.19/turn               (no ring)
MPRegen 0.11/turn               (no ring)

@: lethally poisoned (0 -> -28), drained, very slow
A: permanent stasis, dig shafts and tunnels, antennae 3, four strong arms
a: Dig, Shaft Self, Renounce Religion


You were on level 5 of the Dungeon.
You worshipped Cheibriados.
Cheibriados was noncommittal.
You visited 2 branches of the dungeon, and saw 6 of its levels.

You collected 219 gold pieces.

Inventory:

Hand Weapons
 a - a +0 war axe (weapon)
Missiles
 r - 6 boomerangs
Armour
 b - a +0 scale mail
 c - a +0 buckler (worn)
 i - a +0 chain mail
 k - a +0 robe
 m - a +0 pair of boots (worn)
 A - a +0 leather armour (worn)
Jewellery
 p - a ring of poison resistance
 q - an amulet of faith
 s - an amulet of reflection
Scrolls
 j - a scroll of brand weapon
 n - a scroll of vulnerability
 o - a scroll of blinking {unknown}
 v - a scroll of enchant weapon {unknown}
 w - a scroll of acquirement {unknown}
 x - a scroll of enchant armour {unknown}
 y - a scroll of identify
Potions
 d - 2 potions of might
 e - a potion of mutation
 f - 4 potions of resistance
 g - a potion of haste
 l - a potion of heal wounds
 t - a potion of ambrosia {unknown}
 u - a potion of invisibility {unknown}
 z - 2 potions of degeneration {unknown}


   Skills:
 - Level 5.1 Fighting
 - Level 5.2 Axes
 - Level 3.4 Armour
 - Level 6.4 Shields
 + Level 4.7 Transmutations


You had 5 spell levels left.
You knew the following spells:

 Your Spells              Type           Power      Damage    Failure   Level
a - Wereblood             Tmut           11%        N/A       10%         2

Your spell library contained the following spells:

 Spells                   Type           Power      Damage    Failure   Level
 Beastly Appendage        Tmut           22%        N/A       7%          1
 Spider Form              Tmut/Pois      5%         N/A       47%         3
 Confusing Touch          Hex            0%         N/A       80%         3
 Yara's Violent Unravell  Hex/Tmut       2%         3d3       99%         5
 Enfeeble                 Hex            0%         N/A       100%        7


Dungeon Overview and Level Annotations

Branches:
Dungeon (5/15)             Temple (1/1) D:4

Altars:
Ashenzari
Cheibriados
Dithmenos
Elyvilon
Fedhas
Hepliaklqana
Kikubaaqudgha
Makhleb
Nemelex Xobeh
Okawaru
Qazlal
Trog
Uskayaw
Vehumet
Xom
Yredelemnul
Zin

Annotations:
Temple 2 transporters


Innate Abilities, Weirdness & Mutations

You cannot be hasted, slowed, berserked, paralysed or teleported.
You can dig through walls and to a lower floor.
You have a pair of large antennae on your head. (SInv)
Your four strong arms can wield two-handed weapons with a shield.


Message History

a +0 club; a jackal corpse
Found a stone staircase leading down.
You sense a monster nearby. 3 wights and a scorpion come into view.
A wight is wielding a +3 great sword of freezing.
The scorpion attacks as you move away! The scorpion barely misses you.
The scorpion attacks as you move away! The scorpion barely misses you.
The scorpion stings you. The scorpion stings you.
You are poisoned.
The scorpion poisons you!
You feel very sick.
You feel sick. The scorpion stings you.
You are more poisoned.
The scorpion poisons you!
Okay, then.
You barely miss the scorpion.
You feel very sick. The scorpion stings you.
You are lethally poisoned!
The scorpion poisons you!
You hit the scorpion.
The scorpion is lightly wounded.
You feel very sick. The scorpion stings you. x2
You hit the scorpion.
The scorpion is moderately wounded.
* * * LOW HITPOINT WARNING * * *
You feel very sick. The scorpion barely misses you.
Okay, then.
Are you sure you want to shaft yourself?
* * * LOW HITPOINT WARNING * * *
You feel very sick. You block the scorpion's attack. The scorpion stings you.
* * * LOW HITPOINT WARNING * * *
You are more poisoned.
The scorpion poisons you!
You begin to dig a shaft.
You continue digging a shaft.
You die...

.. ##. . ..#. #. # #... #.
#.##..######.#### .
.....#zs@......# ..
#..#z####....########## .z.
#...{..........)....... ....
##..#..#####..##########
#....##...#..# #..# #..
....z........#####..########..
#.#.###.##...##............<..
#.#...........##.#####.. {
#.#...>##.##..# .. ...


You could see a scorpion and 2 wights.

Vanquished Creatures
  Grinder (D:3)
  An ice beast (D:3)
  A scorpion (D:4)
  An orc priest (D:4)
  Crazy Yiuf (D:3)
  2 hounds (D:4)
  4 orc wizards
  Natasha (thrice) (D:3)
  An iguana (D:4)
  4 adders
  An ufetubus (D:4)
  A worm (D:3)
  A dart slug (D:1)
  13 orcs
  5 endoplasms
  7 giant cockroaches
  10 goblins
  7 hobgoblins
  8 jackals
  9 kobolds
  5 quokkas
  5 ball pythons
  6 bats
  6 frilled lizards
  11 rats
114 creatures vanquished.

Vanquished Creatures (others)
  3 fungi (D:3)
3 creatures vanquished.

Grand Total: 117 creatures vanquished

Notes
Turn   | Place    | Note
-------+----------+-------------------------------------------
     0 | D:1      | Ladykiller66 the Formicid Fighter began the quest for the
                  | Orb.
     0 | D:1      | Reached XP level 1. HP: 18/18 MP: 1/1
    11 | D:1      | Found a faded altar of an unknown god.
   101 | D:1      | Reached XP level 2. HP: 24/24 MP: 2/2
   414 | D:1      | Reached XP level 3. HP: 29/29 MP: 3/3
  1125 | D:2      | Reached XP level 4. HP: 28/37 MP: 4/4
  1291 | D:2      | Reached skill level 5 in Shields
  2013 | D:3      | Noticed Grinder
  2014 | D:3      | Noticed Natasha
  2033 | D:3      | Killed Grinder
  2034 | D:3      | Reached XP level 5. HP: 17/43 MP: 5/5
  2034 | D:3      | Reached XP level 6. HP: 20/49 MP: 6/6
  2333 | D:3      | Killed Natasha
  2334 | D:3      | Reached skill level 6 in Shields
  2405 | D:3      | Noticed an ice beast
  2425 | D:3      | Killed an ice beast
  2426 | D:3      | Reached XP level 7. HP: 31/54 MP: 7/7
  2846 | D:3      | Noticed Natasha
  2858 | D:3      | Killed Natasha
  2859 | D:3      | Reached skill level 5 in Fighting
  2859 | D:3      | Reached skill level 5 in Axes
  3066 | D:3      | Found a runed translucent door.
  3067 | D:3      | Noticed Crazy Yiuf
  3078 | D:3      | Killed Crazy Yiuf
  3423 | D:3      | Noticed Natasha
  3438 | D:3      | Killed Natasha
  3694 | D:4      | Learned a level 2 spell: Wereblood
  3766 | D:4      | Reached skill level 1 in Transmutations
  4772 | D:4      | Reached XP level 8. HP: 42/62 MP: 8/8
  5003 | D:4      | Found a staircase to the Ecumenical Temple.
  5093 | Temple   | Entered the Ecumenical Temple
  5093 | Temple   | Found a transporter.
  5093 | Temple   | Found a transporter.
  5095 | Temple   | Found a transporter.
  5095 | Temple   | Found a transporter.
  5109 | Temple   | Became a worshipper of Cheibriados the Contemplative
  5481 | D:5      | Entered Level 5 of the Dungeon
  5678 | D:5      | Succumbed to a scorpion's poison

Illustrated notes

Levels and vault maps discovered:
D:1:      dpeg_arrival_simpleton_a, layout_basic, ebering_ecumenical_altar_hall,
          dreamdust_princess_bridge
D:2:      layout_rooms, skrybe_limestone_x, minmay_domino_4
D:3:      layout_loops_corners, hangedman_abyss_or_decor_lesser_grid,
          uniq_crazy_yiuf_cottage, uniq_natasha, uniq_grinder
D:4:      layout_basic, minmay_temple_entry_proselytizer,
          amcnicky_mini_pool_small, minmay_small_thing
D:5:      layout_loops_ring, hangedman_decor_opposing,
          kennysheep_generic_room_3, uniq_blork_the_orc, uniq_eustachio
Temple:   hellmonk_temple_divided_pantheon

Skill      XL: |  1  2  3  4  5  6  7  8 |
---------------+-------------------------+-----
Shields        | 5 6 |  6.4
Axes           | 4 5 |  5.2
Fighting       | 4 5 |  5.1
Transmutations | 3 4 |  4.7
Armour         | |  3.4

Action                   |  1- 3 |  4- 6 |  7- 9 || total
-------------------------+-------+-------+-------++-------
Melee: War axe           |    97 |   109 |   176 ||   382
 Abil: Dig               |       |     2 |     4 ||     6
       Shaft Self        |       |       |     1 ||     1
  Use: Scroll            |       |       |     7 ||     7
       Potion            |       |       |     3 ||     3
Armor: Scale mail        |    49 |       |       ||    49
       Chain mail        |    15 |    51 |    18 ||    84
       Skin              |       |       |     4 ||     4
       Leather armour    |       |       |     5 ||     5
       Robe              |       |       |     3 ||     3
Dodge: Dodged            |    65 |    34 |    75 ||   174
Block: Buckler           |    33 |    22 |    43 ||    98
